 Dungeon Crawl Stone Soup version 0.20.0-10-g0535bb4 (webtiles) character file.

433 MDvedh the Cudgeler (level 7, -1/40 HPs)
             Began as a Gargoyle Skald on June 3, 2017.
             Was a Believer of Dithmenos.
             Slain by an ice beast (3 damage)
             ... on level 5 of the Dungeon.
             The game lasted 00:07:06 (4238 turns).

MDvedh the Cudgeler (Gargoyle Skald)                Turns: 4238, Time: 00:07:07

Health: -1/40      AC: 16    Str: 16    XL:     7   Next: 0%
Magic:  10/10      EV:  4    Int: 17    God:    Dithmenos [**....]
Gold:   171        SH:  0    Dex:  9    Spells: 7/10 levels left

rFire    . . .     SeeInvis .   a - +0 mace
rCold    . . .     Gourm    .   (no shield)
rNeg     + . .     Faith    .   y - +1 plate armour
rPois    ∞         Spirit   .   (no helmet)
rElec    +         Reflect  .   (no cloak)
rCorr    .         Harm     .   (no gloves)
MR       .....                  (no boots)
Stlth    ..........             (no amulet)
Regen    0.2/turn               (no ring)
MPRegen  0.2/turn               v - +3 ring of intelligence

@: wreathed by umbra
A: negative energy resistance 1, electricity resistance, unbreathing,
petrification resistance, rot immunity, AC +4
a: Shadow Step, Renounce Religion


You were on level 5 of the Dungeon.
You worshipped Dithmenos.
Dithmenos was pleased with you.
You were hungry.

You visited 1 branch of the dungeon, and saw 5 of its levels.

You collected 171 gold pieces.

Inventory:

Hand Weapons
 a - a +0 mace (weapon)
Armour
 y - a +1 plate armour (worn)
Jewellery
 v - a +3 ring of intelligence (right hand)
Scrolls
 l - 4 scrolls of teleportation
 m - 2 scrolls of magic mapping
Potions
 e - a potion of resistance {unknown}
 f - 3 potions of heal wounds
 g - 4 potions of might
 h - 2 potions of invisibility {unknown}
 i - 3 potions of mutation {unknown}
 j - 3 potions of curing
 r - a potion of agility {unknown}
 u - a potion of flight {unknown}
Books
 c - a book of Battle

   Spells                             Type                      Level
   a - Infusion                       Charms                       1
   b - Shroud of Golubria             Charms/Translocation         2
   c - Song of Slaying                Charms                       2
   d - Spectral Weapon                Hexes/Charms                 3
   e - Regeneration                   Charms/Necromancy            3
Comestibles
 d - 3 bread rations
 n - 5 fruits


   Skills:
 - Level 2.1 Fighting
 + Level 7.3 Maces & Flails
 - Level 1.1 Armour
 - Level 1.5 Dodging
 - Level 2.0 Spellcasting
 - Level 2.6 Charms


You had 7 spell levels left.
You knew the following spells:

 Your Spells              Type           Power        Failure   Level  Hunger
a - Infusion              Chrm           ##..         99%         1    #......
b - Song of Slaying       Chrm           ##......     100%        2    ###....


Dungeon Overview and Level Annotations

Branches:
Dungeon (5/15)
 Temple: D:4-7

Altars:
Dithmenos
Elyvilon
Qazlal
The Shining One


Innate Abilities, Weirdness & Mutations

You are resistant to torment.
Your stone body is resilient. (AC +4)
You are immune to poison.
You resist negative energy. (rN+)
You are resistant to electric shocks. (rElec)
You can survive without breathing.
You are immune to petrification.
You are immune to rotting.


Message History

The ice beast hits you but does no damage.
Your plate armour prevents you from hitting the ice beast.
The ice beast is severely wounded.
The ice beast hits you but does no damage.
Your plate armour prevents you from hitting the ice beast.
The ice beast is severely wounded.
The ice beast hits you but does no damage.
You hit the ice beast but do no damage.
The ice beast is severely wounded.
The ice beast hits you but does no damage.
You completely miss the ice beast.
The ice beast is severely wounded.
The ice beast hits you.
* * * LOW HITPOINT WARNING * * *
The ice beast freezes you.
* * * LOW HITPOINT WARNING * * *
You hit the ice beast but do no damage.
The ice beast is severely wounded.
The ice beast hits you.
You die...

#......#,,,,,* *****,,,,,,**
*......###.*** *,.,,,,,,,**
*,......#.P* **.#**,,,***
*,,.....#..* *..# *****
*,,,....#.P* *#.#*
****#§§§##.*##..# ***
#§§§.#.#...** *,,
#§§§§#.Y.#** **,,
#####§§§.##@#* *,,,
#..§........#************,,,
#..............>..,,,,,,,,,,
#..§.......#######**********
############


You could see an ice beast.

Vanquished Creatures
  A centaur (D:5)
  A quasit (D:5)
  2 orc priests (D:4)
  3 worker ants (D:4)
  Ijyb (D:3)
  4 adders
  3 gnolls (D:2)
  An ooze (D:4)
  4 dart slugs
  4 worms (D:2)
  4 leopard geckos
  3 orcs (D:4)
  5 ball pythons
  4 giant cockroaches
  10 goblins
  4 hobgoblins
  4 jackals (D:4)
  5 kobolds
  3 quokkas
  6 bats
  5 frilled lizards
  A jackal skeleton (D:4)
  A leopard gecko skeleton (D:4)
  2 rats
81 creatures vanquished.

Notes
Turn   | Place    | Note
-------+----------+-------------------------------------------
     0 | D:1      | MDvedh the Gargoyle Skald began the quest for the Orb.
     0 | D:1      | Reached XP level 1. HP: 12/12 MP: 3/3
   164 | D:1      | Reached XP level 2. HP: 16/17 MP: 5/5
   442 | D:1      | Reached skill level 3 in Maces & Flails
   663 | D:1      | Learned a level 2 spell: Song of Slaying
   889 | D:1      | Found a glowing golden altar of the Shining One.
  1004 | D:2      | Reached XP level 3. HP: 21/21 MP: 6/6
  1277 | D:2      | Found a faded altar of an unknown god.
  1289 | D:2      | Became a worshipper of Dithmenos the Shadowed
  1289 | D:2      | Reached * piety under Dithmenos
  1327 | D:2      | Reached skill level 4 in Maces & Flails
  1740 | D:2      | Reached XP level 4. HP: 26/26 MP: 7/7
  2201 | D:2      | Reached ** piety under Dithmenos
  2626 | D:3      | Reached skill level 5 in Maces & Flails
  2627 | D:3      | Noticed Ijyb
  2655 | D:3      | Killed Ijyb
  2655 | D:3      | Reached XP level 5. HP: 16/30 MP: 8/8
  3005 | D:3      | Found a stormy altar of Qazlal.
  3007 | D:3      | Noticed an air elemental
  3007 | D:3      | Noticed a water elemental
  3008 | D:3      | Noticed a fire elemental
  3408 | D:4      | Reached skill level 6 in Maces & Flails
  3408 | D:4      | Reached XP level 6. HP: 18/35 MP: 9/9
  3782 | D:4      | Found a white marble altar of Elyvilon.
  4009 | D:5      | Entered Level 5 of the Dungeon
  4068 | D:5      | Reached skill level 7 in Maces & Flails
  4068 | D:5      | Reached XP level 7. HP: 15/40 MP: 10/10
  4237 | D:5      | HP: 2/40 [ice beast (6)]
  4238 | D:5      | Slain by an ice beast

Skill      XL: |  1  2  3  4  5  6 |
---------------+-------------------+-----
Maces & Flails | 3 4 5 6 7 |  7.3
Fighting       | |  2.1
Armour         | |  1.1
Dodging        | |  1.5
Spellcasting   | |  2.0
Charms         | |  2.6

Action                   |  1- 3 |  4- 6 |  7- 9 || total
-------------------------+-------+-------+-------++-------
Melee: Mace              |   115 |   314 |    22 ||   451
 Cast: Infusion          |     4 |     1 |       ||     5
       Song of Slaying   |       |     1 |       ||     1
  Use: Scroll            |       |       |     9 ||     9
  Eat: Chunk             |     1 |     8 |       ||     9
       Royal jelly       |     1 |       |       ||     1
Armor: Leather armour    |    46 |       |       ||    46
       Ring mail         |     1 |   168 |       ||   169
       Plate armour      |       |       |    16 ||    16
Dodge: Dodged            |    75 |   283 |     3 ||   361
